AoeStats
← FLY_galen . CQ

Arena

512409083Analyzed
4v4 RM · 9d ago on Oct 9, 2026· 36m 45s· 8 players
Game mode
Random Map
Map size
Large (8 player)
Population
200
Speed
Normal
Resources
Standard
Victory
Conquest
Starting age
Dark Age
Ending age
Imperial Age
RankedLock teamsTeams togetherTeam positionsShared explorationLock speedFull tech treeHidden civsTurbo modeCheats
Victory
Defeat
🇨🇳 Vikings · China
1791
+15
🇩🇪 Vietnamese · Germany
1758
+16
🇩🇪 Italians · Germany
1755
+16
🇨🇳 Bulgarians · China
1709
+18
vs
🇪🇸 Jurchens · Spain
2055
-26
🇪🇸 Franks · Spain
1993
-25
🇪🇸 Turks · Spain
1571
-9
🇦🇷 Khitans · Argentina
1428
-5
[o.p.]Oliver_Khan
10:56 Feudal Age
11:37 Horse Collar
14:29 Castle Age
13:04 Double-Bit Axe
15:37 Bow Saw
17:50 Loom
20:04 Wheelbarrow
19:36 Gold Mining
25:20 Imperial Age
23:13 Fletching
23:43 Hand Cart
24:09 Fletching
24:46 Bodkin Arrow
25:43 Masonry
27:03 Chemistry
26:04 Bracer
27:10 Padded Archer Armor
28:14 Siege Engineers
28:37 Heavy Plow
28:31 Stone Mining
30:48 Leather Archer Armor
31:35 Ring Archer Armor
31:35 Thumb Ring
32:40 Elite Rattan Archer
33:58 Hoardings
34:30 Ballistics
33:53 Treadmill Crane
37:04 Murder Holes
RaKan
9:55 Feudal Age
13:49 Castle Age
11:53 Double-Bit Axe
12:26 Horse Collar
21:36 Loom
22:52 Wheelbarrow
24:59 Hand Cart
30:01 Imperial Age
27:45 Scale Mail Armor
27:06 Pikeman
28:40 Chain Mail Armor
28:52 Forging
30:24 Iron Casting
30:24 Squires
30:12 Arson
30:10 Halberdier
31:39 Plate Mail Armor
31:30 Conscription
35:52 Blast Furnace
35:31 Coinage
35:07 Gambesons
35:26 Bagains
冥想控
5:44 Loom
10:14 Feudal Age
13:51 Castle Age
12:38 Double-Bit Axe
12:50 Horse Collar
19:55 Bow Saw
21:02 Gold Mining
22:18 Gold Shaft Mining
21:46 Heavy Plow
23:11 Loom
23:12 Town Watch
23:19 Stone Mining
28:18 Imperial Age
26:17 Squires
26:03 Arson
26:20 Scale Mail Armor
27:34 Chain Mail Armor
27:35 Forging
28:39 Iron Casting
29:04 Elite Varangian Guard
31:07 Blast Furnace
30:43 Plate Mail Armor
34:31 Capped Ram
36:03 Chieftains
Jan Itor
10:00 Feudal Age
11:09 Horse Collar
13:40 Castle Age
11:35 Double-Bit Axe
14:48 Bow Saw
14:54 Heavy Plow
17:31 Wheelbarrow
26:03 Imperial Age
23:44 Scale Mail Armor
23:48 Stone Mining
24:15 Gold Mining
24:26 Loom
25:40 Chain Mail Armor
25:35 Scale Barding Armor
25:57 Forging
26:27 Chain Barding Armor
26:15 Cavalier
28:22 Husbandry
30:59 Bloodlines
31:25 Plate Barding Armor
31:59 Stone Shaft Mining
32:15 Conscription
33:16 Iron Casting
34:46 Hand Cart
34:41 Caravan
37:14 Blast Furnace
36:05 Fletching
Mark Renton
10:16 Feudal Age
14:42 Castle Age
12:31 Double-Bit Axe
15:55 Bow Saw
17:20 Domestication
18:22 Wheelbarrow
18:03 Loom
19:35 Town Watch
20:12 Hand Cart
21:08 Pastoralism
28:21 Imperial Age
25:38 Heavy Cavalry Archer
26:13 Fletching
26:59 Bodkin Arrow
28:30 Ballistics
29:56 Bracer
30:37 Thumb Ring
30:33 Padded Archer Armor
33:17 Chemistry
[R1] 12Tirador
11:00 Feudal Age
11:53 Double-Bit Axe
11:50 Horse Collar
12:40 Gold Mining
14:51 Castle Age
15:59 Bow Saw
20:29 Wheelbarrow
21:21 Stone Mining
22:11 Hand Cart
21:42 Loom
23:08 Town Watch
26:56 Imperial Age
25:39 Siege Engineers
26:25 Stone Shaft Mining
26:40 Fortified Bastions
28:47 Chemistry
28:24 Conscription
27:36 Heavy Rocket Cart
28:41 Scale Mail Armor
28:54 Pikeman
31:15 Halberdier
31:56 Squires
32:15 Fortified Wall
Oni.TaToH
12:05 Feudal Age
12:55 Double-Bit Axe
15:50 Castle Age
16:51 Bow Saw
16:43 Husbandry
20:23 Wheelbarrow
22:17 Gold Mining
23:48 Hand Cart
23:20 Loom
23:20 Town Watch
23:58 Scale Barding Armor
25:18 Chain Barding Armor
27:39 Gold Shaft Mining
29:40 Imperial Age
28:07 Stone Mining
29:24 Sanctity
29:43 Cavalier
30:24 Chivalry
31:14 Plate Barding Armor
31:15 Paladin
32:55 Forging
32:36 Fletching
33:18 Coinage
34:18 Iron Casting
34:05 Conscription
35:50 Chemistry
35:52 Banking
37:03 Hoardings
36:39 Masonry
FLY_galen . CQ
11:09 Feudal Age
15:22 Castle Age
14:15 Double-Bit Axe
15:08 Horse Collar
17:06 Bow Saw
18:29 Heavy Plow
22:29 Wheelbarrow
21:39 Town Watch
21:46 Town Watch
24:03 Loom
24:42 Gold Mining
24:42 Stone Mining
27:42 Imperial Age
25:41 Fletching
25:51 Padded Archer Armor
26:37 Bodkin Arrow
27:40 Gold Shaft Mining
27:23 Leather Archer Armor
27:44 Hand Cart
28:02 Bloodlines
27:53 Husbandry
29:40 Two-Man Saw
28:43 Bracer
29:14 Ring Archer Armor
30:35 Ballistics
30:05 Heavy Cavalry Archer
31:10 Parthian Tactics
32:34 Thumb Ring
34:59 Thumb Ring
36:45 Coinage
Connection lost

Rejoining the realm…

Still unreachable

The connection could not be restored.

Session expired

The server has moved on; the page needs a fresh start.